 Dungeon Crawl Stone Soup version 0.32-a0-616-g9348d4545b (webtiles) character file.

Game seed: 1161555615581434599

750 Strat the Magician (level 7, -2/72 HPs)
             Began as an Oni Hedge Wizard on Mar 5, 2024.
             Was an Initiate of Beogh.
             Shot with an arrow by a centaur (13 damage)
             ... on level 5 of the Dungeon.
             The game lasted 00:11:32 (5332 turns).

Strat the Magician (Oni Hedge Wizard)               Turns: 5332, Time: 00:11:33

Health: -2/72      AC:  3    Str: 15    XL:     7   Next: 78%
Magic:  6/18       EV:  9    Int: 17    God:    Beogh [......]
Gold:   1074       SH:  0    Dex:  8    Spells: 13/21 levels left

rFire   + . .        a - +0 flail (venom)
rCold   . . .        (no shield)
rNeg    . . .        t - +0 robe
rPois   .            c - +0 hat
rElec   .            (no cloak)
rCorr   +            (gloves unavailable)
SInv    .            (boots unavailable)
Will    .....        (no amulet)
Stlth   +            u - ring of protection from fire
HPRegen 0.32/turn    f - ring of resist corrosion
MPRegen 0.16/turn

%: no passive effects
@: lethally poisoned (-2 -> -15), on blink cooldown, very slightly contaminated
A: large, unfitting armour, horns 1, tough skin 1, double potion healing,
drunken brawling
a: Renounce Religion


You were on level 5 of the Dungeon.
You worshipped Beogh.
Beogh was noncommittal.
You visited 1 branch of the dungeon, and saw 5 of its levels.

You collected 1074 gold pieces.

Inventory:

Hand Weapons
 a - a +0 flail of venom (weapon)
 b - a +1 mace of protection
 v - a +1 flail
Missiles
 m - 2 throwing nets
 s - 9 javelins
Armour
 c - a +0 hat (worn)
 t - a +0 robe (worn)
Jewellery
 f - a ring of resist corrosion (right hand)
 u - a ring of protection from fire (left hand)
Wands
 n - a wand of charming (9)
Scrolls
 e - 2 scrolls of enchant weapon
 k - 3 scrolls of identify
 l - a scroll of torment
 q - 2 scrolls of revelation
Potions
 d - 2 potions of magic
 g - a potion of attraction
 h - a potion of mutation
 j - 2 potions of cancellation


   Skills:
 + Level 5.4 Fighting
 + Level 2.4 Maces & Flails
 - Level 1.7 Dodging
 - Level 1.4 Stealth
 * Level 7.7 Spellcasting
 - Level 2.0 Conjurations
 - Level 0.8 Summonings
 - Level 0.8 Translocations


You had 13 spell levels left.
You knew the following spells:

 Your Spells              Type           Power      Damage    Failure   Level
a - Magic Dart            Conj           52%        1d5       4%          1
b - Blink                 Tloc           18%        N/A       12%         2
c - Call Imp              Summ           18%        N/A       12%         2
d - Mephitic Cloud        Conj/Alch/Air  8%         N/A       24%         3

Your spell library contained the following spells:

 Spells                   Type           Power      Damage    Failure   Level
 Searing Ray              Conj           26%        2d5       7%          2
 Slow                     Hex            24%        N/A       11%         1
 Cigotuvi's Dreadful Rot  Necr/Alch/Air  12%        N/A       16%         2
 Dazzling Flash           Conj/Hex       18%        N/A       22%         3
 Fulminant Prism          Conj/Alch      4%         3d5       56%         4
 Alistair's Intoxication  Alch           4%         N/A       96%         5
 Borgnjor's Vile Clutch   Necr/Erth      3%         N/A       96%         5
 Curse of Agony           Necr           6%         N/A       96%         5
 Silence                  Hex/Air        3%         N/A       96%         5
 Eringya's Noxious Bog    Alch           3%         4d6       100%        6


Dungeon Overview and Level Annotations

Branches:
Dungeon (5/15)
 Temple: D:4-7

Altars:
Ashenzari
Elyvilon
Fedhas
Hepliaklqana
Makhleb
Wu Jian

Shops:
D:3 (


Innate Abilities, Weirdness & Mutations

You are too large for most types of armour.
You have a pair of small horns on your head.
You have tough skin. (AC +1)
You gain doubled healing and magic from potions.
Whenever you drink a healing potion, you attack all around you.


Message History

Casting: Mephitic Cloud (dangerous; 24% risk of failure)
Confirm with . or Enter, or press ? or * to list all spells.
You blink.
You feel very sick.
The centaur shoots an arrow.
The arrow misses you.
Casting: Blink (safe; 12% risk of failure)
Confirm with . or Enter, or press ? or * to list all spells.
Aiming: Mephitic Cloud (dangerous; 24% risk of failure)
Press: ? - help, Shift-Dir - straight line, f/p - scorpion
Aim: a scorpion (heavily wounded, chance to affect: 81%)
You miscast Mephitic Cloud.
Nothing appears to happen.
You feel very sick.
The centaur shoots an arrow.
The arrow hits you!
* * * LOW HITPOINT WARNING * * *
The centaur shoots an arrow.
The arrow hits you.
* * * LOW HITPOINT WARNING * * *
You take a swig of the potion and twirl your +0 flail of venom.
You hit the scorpion.
You headbutt the scorpion, but do no damage.
The scorpion is severely wounded.
You savour every drop.
You feel better. The scorpion barely misses you.
The centaur shoots an arrow.
The arrow hits you.
* * * LOW HITPOINT WARNING * * *
The centaur shoots an arrow.
The arrow hits you.
* * * LOW HITPOINT WARNING * * *
The scorpion attacks as it pursues you!
The scorpion stings you but does no damage.
The centaur shoots an arrow.
The arrow hits you.
* * * LOW HITPOINT WARNING * * *
Unknown command.
Casting: Mephitic Cloud (dangerous; 24% risk of failure)
Confirm with . or Enter, or press ? or * to list all spells.
Aiming: Mephitic Cloud (dangerous; 24% risk of failure)
Press: ? - help, Shift-Dir - straight line, p - scorpion The ball explodes into a vile cloud!
The stinking cloud engulfs the centaur.
The scorpion stings you.
* * * LOW HITPOINT WARNING * * *
You are lethally poisoned!
The scorpion poisons you!
The centaur shoots an arrow.
The arrow hits you!
You die...

#..
#..##..#####.#.#######
#.#S#......# ##....# #
(l#......# ####.# #
##' ######'## #.# #
#...s#.....#
#####'#####
#....#..c..#
##⌠##(..##⌠#
#....#..#§§#
##...##.##...
#....'.5..☼#
#_.#..'.'..#.
#######..ws@#
##...##.##... #...#
####### ##⌠#######⌠#
#...# ### #.#### #...#
#.# #.# # ######...#
#.# #.# # .........#
#.# ##.####
#######..####### #.#
#...... #.......<#
##.###..###.
#.######.#
#....†......


You could see a centaur, a scorpion, an iguana, an adder, a dart slug and an
ufetubus.

Vanquished Creatures
  A black bear (D:5)
  An ogre (D:4)
  4 hounds (D:5)
  3 iguanas
  An orc wizard (D:2)
  10 gnolls
  8 adders
  A dart slug (D:1)
  6 orcs
  5 endoplasms
  4 giant cockroaches
  5 goblins
  9 hobgoblins
  4 kobolds
  3 quokkas
  17 ball pythons
  9 bats
  4 frilled lizards
  7 rats
102 creatures vanquished.

Vanquished Creatures (collateral kills)
  6 gnolls
  3 adders (D:2)
  A dart slug (D:1)
  An orc (D:4)
  2 giant cockroaches
  3 ball pythons
  A kobold (D:1)
  A rat (D:2)
18 creatures vanquished.

Grand Total: 120 creatures vanquished

Notes
Turn   | Place    | Note
-------+----------+-------------------------------------------
     0 | D:1      | Strat the Oni Hedge Wizard began the quest for the Orb.
     0 | D:1      | Reached XP level 1. HP: 16/16 MP: 5/5
   357 | D:1      | Reached skill level 1 in Fighting
   357 | D:1      | Reached skill level 4 in Spellcasting
   357 | D:1      | Reached XP level 2. HP: 25/27 MP: 7/7
   360 | D:1      | Learned a level 2 spell: Blink
   363 | D:1      | Learned a level 2 spell: Call Imp
   889 | D:1      | Reached XP level 3. HP: 33/35 MP: 8/8
  1135 | D:1      | Learned a level 3 spell: Mephitic Cloud
  1224 | D:2      | Reached skill level 1 in Conjurations
  1486 | D:2      | Reached XP level 4. HP: 25/44 MP: 6/10
  1652 | D:2      | Reached skill level 5 in Spellcasting
  2095 | D:2      | Reached XP level 5. HP: 30/52 MP: 10/12
  2107 | D:2      | HP: 2/52 [orc wizard/+0 dagger (3)]
  3042 | D:3      | Reached skill level 6 in Spellcasting
  3042 | D:3      | Reached XP level 6. HP: 57/62 MP: 8/15
  3215 | D:3      | Found a blossoming altar of Fedhas.
  3234 | D:3      | Found a white marble altar of Elyvilon.
  3288 | D:3      | Found a burning altar of Makhleb.
  3454 | D:3      | Found Weomp's Weapon Boutique.
  4072 | D:4      | Became a worshipper of Beogh the Shepherd
  4451 | D:4      | Reached skill level 1 in Maces & Flails
  4451 | D:4      | Reached XP level 7. HP: 71/71 MP: 12/17
  4465 | D:4      | Reached skill level 7 in Spellcasting
  4551 | D:5      | Entered Level 5 of the Dungeon
  4589 | D:5      | Identified a scroll of acquirement
  4589 | D:5      | Acquired 834 gold pieces
  4843 | D:5      | Found a hazy altar of Hepliaklqana.
  4920 | D:5      | Reached skill level 5 in Fighting
  5238 | D:5      | Found a broken altar of Ashenzari.
  5250 | D:5      | Found an ornate altar of the Wu Jian Council.
  5332 | D:5      | Shot with an arrow by a centaur

Illustrated notes

Levels and vault maps discovered:
D:1:      beargit_arrival_diablo_church, layout_loops_ring, minmay_tetromino_l2
D:2:      layout_loops_ring, minmay_snake_closets
D:3:      layout_basic, fedhas_altar_1, bloody_makhleb,
          nicolae_elyvilon_peaceful_grove, serial_shops,
          nicolae_shop_behind_doors
D:4:      layout_basic
D:5:      minmay_clustersquares, layout_loops_ring, lemuel_doored_altar,
          amethyst_overflow_temple_binary, chequers_serial_rivers_small_a

Skill      XL: |  1  2  3  4  5  6  7 |
---------------+----------------------+-----
Fighting       | 1 2 3 4 5 |  5.4
Spellcasting   | 4 5 6 7 |  7.7
Conjurations   | 1 2 |  2.0
Maces & Flails | 1 2 |  2.4
Dodging        | |  1.7
Stealth        | |  1.4
Summonings     | |  0.8
Translocations | |  0.8

Action                     |  1- 3 |  4- 6 |  7- 9 || total
---------------------------+-------+-------+-------++-------
  Melee: Dagger            |    79 |       |       ||    79
         Headbutt          |    25 |    45 |    12 ||    82
         Short sword       |    73 |   183 |       ||   256
         Mace              |       |    32 |    15 ||    47
         Flail             |       |       |    43 ||    43
   Cast: Magic Dart        |    10 |     1 |       ||    11
         Call Imp          |     6 |    19 |     2 ||    27
         Mephitic Cloud    |       |    14 |     2 ||    16
         Blink             |       |     2 |     1 ||     3
 Invoke: Convert to Beogh  |       |     1 |       ||     1
    Use: Potion            |     1 |       |     1 ||     2
         Scroll            |       |    11 |     3 ||    14
   Stab: Sleeping          |     4 |     2 |     2 ||     8
         Confused          |       |     3 |       ||     3
 Armour: Robe              |   134 |   169 |    62 ||   365
  Dodge: Dodged            |    73 |   101 |    36 ||   210

Table legend: (Time is in decaauts)
 A = Elapsed time spent in this place.
 B = Non-inter-level travel time spent in this place.
 C = Inter-level travel time spent in this place.
 D = Time resting spent in this place.
 E = Time spent auto-exploring this place.
 F = Levels seen in this place.
 G = Mean time per level.
                   A        B        C        D        E       F      G
               +--------+--------+--------+--------+--------+-----+--------+
         Total |   5361 |   5291 |     70 |    823 |   3122 |   5 | 1072.2 |
       Dungeon |   5361 |   5291 |     70 |    823 |   3122 |   5 | 1072.2 |
               +--------+--------+--------+--------+--------+-----+--------+

Top non-repeatable levels by time:
     D:2: 1844 daAuts
     D:1: 1219 daAuts
     D:4: 949 daAuts
     D:5: 794 daAuts
     D:3: 553 daAuts
